TOP OF THE 1ST |
Cedar Rapids Kernels batting - Pitching for Beloit Snappers : RHP Jan Cole
|
Pitching: RHP Jan Cole
|
|
Batting: LHB Jim Pankratz
|
0-0: Ball 1-0: Called Strike 1-1: Foul Ball, location: 2F 1-2: Ball 2-2: Ball 3-2: Base on Balls
|
Batting: RHB Matt Dunn
|
0-0: Ball Jim Pankratz steals 2nd base 1-0: Ball 2-0: Called Strike 2-1: Foul Ball, location: 2F 2-2: SINGLE (Line Drive, 6MD, EV 95.6 MPH) Jim Pankratz to third
|
Batting: LHB Israel Montoya
|
0-0: Ball 1-0: Ball Matt Dunn steals 2nd base 2-0: Ground out U3 (Groundball, 3L, EV 106.9 MPH)
|
Batting: RHB Mike Craver
|
0-0: Foul Ball, location: 2F 0-1: Ball 1-1: Ground out 4-3 (Groundball, 4, EV 89.4 MPH) Jim Pankratz scores Matt Dunn to third
|
Batting: LHB Mike Handrahan
|
0-0: Called Strike 0-1: Called Strike 0-2: Fly out, F7 (Flyball, 7, EV 87.5 MPH)
|
Top of the 1st over - 1 run, 1 hit, 0 errors, 1 left on base; Cedar Rapids 1 - Beloit 0 |
BOTTOM OF THE 1ST |
Beloit Snappers batting - Pitching for Cedar Rapids Kernels : RHP Matthew Lange
|
Pitching: RHP Matthew Lange
|
|
Batting: RHB Dan Boylan
|
0-0: Called Strike 0-1: SINGLE (Flyball, 4MD, EV 97.5 MPH)
|
Batting: RHB Manny Moron
|
0-0: Called Strike 0-1: Ball 1-1: Ball 2-1: Ball 3-1: Foul Ball, location: 2F 3-2: Foul Ball, location: 2F 3-2: SINGLE (Groundball, 56S, EV 73.1 MPH) (infield hit) Dan Boylan to second
|
Batting: LHB Tom Raupp
|
0-0: Ball 1-0: Ball Dan Boylan is caught stealing 3rd base 2-5 2-0: Swinging Strike 2-1: Ball Manny Moron steals 2nd base 3-1: Foul Ball, location: 2F 3-2: Foul Ball, location: 2F 3-2: 2-RUN HOME RUN (Flyball, 89XD, EV 98.1 MPH), Distance : 374 ft
|
Batting: RHB Moses Brokken
|
0-0: Ball 1-0: Ball 2-0: Called Strike 2-1: Called Strike 2-2: Ball 3-2: Base on Balls
|
Batting: LHB Nick Pacheco
|
0-0: Called Strike Moses Brokken steals 2nd base (no throw) 0-1: 2-RUN HOME RUN (Flyball, 9D, EV 99.4 MPH), Distance : 361 ft
|
Batting: RHB Scott Wiggs
|
0-0: Ball 1-0: DOUBLE (Flyball, 8RXD, EV 108.8 MPH)
|
Batting: SHB D.J. Codd
|
0-0: Ground out U3 (Groundball, 3, EV 100.0 MPH) Scott Wiggs to third
|
Batting: RHB Kyle Waters
|
0-0: Called Strike 0-1: Ball 1-1: Swinging Strike 1-2: Fly out, F8 (Flyball, 89D, EV 92.5 MPH)
|
Bottom of the 1st over - 4 runs, 5 hits, 0 errors, 1 left on base; Cedar Rapids 1 - Beloit 4 |
TOP OF THE 2ND |
Cedar Rapids Kernels batting - Pitching for Beloit Snappers : RHP Jan Cole
|
Batting: SHB Roberto Camarena
|
0-0: Ground out 4-3 (Groundball, 4, EV 108.8 MPH)
|
Batting: RHB Jake Wirthlin
|
0-0: Called Strike 0-1: Ball 1-1: Fly out, F8 (Flyball, 89M, EV 82.5 MPH)
|
Batting: RHB Orlando Blanco
|
0-0: Called Strike 0-1: Foul Ball, location: 2F 0-2: Foul Ball, location: 2F 0-2: Strikes out swinging
|
Top of the 2nd over - 0 runs, 0 hits, 0 errors, 0 left on base; Cedar Rapids 1 - Beloit 4 |
BOTTOM OF THE 2ND |
Beloit Snappers batting - Pitching for Cedar Rapids Kernels : RHP Matthew Lange
|
Batting: RHB Jim Conrad
|
0-0: Called Strike 0-1: Ball 1-1: Foul Ball, location: 2F 1-2: Foul Ball, location: 2F 1-2: Strikes out swinging
|
Batting: RHB Dan Boylan
|
0-0: Swinging Strike 0-1: Foul Ball, location: 2F 0-2: Ball 1-2: Strikes out swinging
|
Batting: RHB Manny Moron
|
0-0: Ball 1-0: Called Strike 1-1: Ball 2-1: Ball 3-1: Base on Balls
|
Batting: LHB Tom Raupp
|
0-0: Ball Manny Moron is caught stealing 2nd base 2-6
|
Bottom of the 2nd over - 0 runs, 0 hits, 0 errors, 0 left on base; Cedar Rapids 1 - Beloit 4 |
TOP OF THE 3RD |
Cedar Rapids Kernels batting - Pitching for Beloit Snappers : RHP Jan Cole
|
Batting: SHB Duri Chilemba
|
0-0: Ball 1-0: Called Strike 1-1: Ground out 5-3 (Groundball, 5, EV 102.5 MPH)
|
Batting: LHB Jim Pankratz
|
0-0: Ball 1-0: Foul Ball, location: 2F 1-1: Ground out 4-3 (Groundball, 4, EV 85.6 MPH)
|
Batting: RHB Matt Dunn
|
0-0: Ball 1-0: Called Strike 1-1: Ball 2-1: Foul Ball, location: 2F 2-2: Ball 3-2: Strikes out swinging
|
Top of the 3rd over - 0 runs, 0 hits, 0 errors, 0 left on base; Cedar Rapids 1 - Beloit 4 |
BOTTOM OF THE 3RD |
Beloit Snappers batting - Pitching for Cedar Rapids Kernels : RHP Matthew Lange
|
Batting: LHB Tom Raupp
|
0-0: Called Strike 0-1: Ball 1-1: Ball 2-1: Foul Ball, location: 2F 2-2: Strikes out swinging
|
Batting: RHB Moses Brokken
|
0-0: Fly out, F7 (Flyball, 7LS, EV 68.1 MPH)
|
Batting: LHB Nick Pacheco
|
0-0: Ball 1-0: Called Strike 1-1: Called Strike 1-2: Foul Ball, location: 2F 1-2: Foul Ball, location: 2F 1-2: Foul Ball, location: 2F 1-2: Ground out 4-3 (Groundball, 34D, EV 86.9 MPH)
|
Bottom of the 3rd over - 0 runs, 0 hits, 0 errors, 0 left on base; Cedar Rapids 1 - Beloit 4 |
TOP OF THE 4TH |
Cedar Rapids Kernels batting - Pitching for Beloit Snappers : RHP Jan Cole
|
Batting: LHB Israel Montoya
|
0-0: Called Strike 0-1: Foul Ball, location: 2F 0-2: Foul Ball, location: 2F 0-2: Foul Ball, location: 2F 0-2: Ball 1-2: Strikes out swinging
|
Batting: RHB Mike Craver
|
0-0: SOLO HOME RUN (Flyball, 78XD, EV 96.9 MPH), Distance : 388 ft
|
Batting: LHB Mike Handrahan
|
0-0: Foul Ball, location: 2F 0-1: Ground out 6-3 (Groundball, 6, EV 83.8 MPH)
|
Batting: SHB Roberto Camarena
|
0-0: Ball 1-0: Ball 2-0: Called Strike 2-1: Called Strike 2-2: Ground out 4-3 (Groundball, 4S, EV 71.9 MPH)
|
Top of the 4th over - 1 run, 1 hit, 0 errors, 0 left on base; Cedar Rapids 2 - Beloit 4 |
BOTTOM OF THE 4TH |
Beloit Snappers batting - Pitching for Cedar Rapids Kernels : RHP Matthew Lange
|
Batting: RHB Scott Wiggs
|
0-0: Fly out, F7 (Flyball, 78D, EV 85.0 MPH)
|
Batting: SHB D.J. Codd
|
0-0: Ball 1-0: Ball 2-0: Fly out, F2 (Popup, 25F, EV 81.9 MPH)
|
Batting: RHB Kyle Waters
|
0-0: Called Strike 0-1: SOLO HOME RUN (Flyball, 78XD, EV 94.4 MPH), Distance : 380 ft
|
Batting: RHB Jim Conrad
|
0-0: SOLO HOME RUN (Flyball, 7D, EV 96.2 MPH), Distance : 365 ft
|
Batting: RHB Dan Boylan
|
0-0: Called Strike 0-1: Ball 1-1: Ball 2-1: Swinging Strike 2-2: Foul Ball, location: 2F 2-2: Foul Ball, location: 2F 2-2: Ball 3-2: Base on Balls
|
Batting: RHB Manny Moron
|
0-0: Ball Dan Boylan steals 2nd base 1-0: Ground out 1-3 (Groundball, 15S, EV 67.5 MPH)
|
Bottom of the 4th over - 2 runs, 2 hits, 0 errors, 1 left on base; Cedar Rapids 2 - Beloit 6 |
TOP OF THE 5TH |
Cedar Rapids Kernels batting - Pitching for Beloit Snappers : RHP Jan Cole
|
Batting: RHB Jake Wirthlin
|
0-0: Ball 1-0: Ground out 3-1 (Groundball, 34, EV 83.1 MPH)
|
Batting: RHB Orlando Blanco
|
0-0: Ground out 1-3 (Groundball, P, EV 63.1 MPH)
|
Batting: SHB Duri Chilemba
|
0-0: DOUBLE (Groundball, 5L, EV 101.9 MPH)
|
Batting: LHB Jim Pankratz
|
0-0: Called Strike 0-1: Ball 1-1: Called Strike 1-2: SINGLE (Flyball, 8LS, EV 90.0 MPH) Duri Chilemba to third Runner from 3rd tries for Home, SAFE, throw by CF to home Jim Pankratz to second
|
Batting: RHB Matt Dunn
|
0-0: Foul Ball, location: 2F 0-1: Swinging Strike 0-2: Ball 1-2: Ball 2-2: Ball 3-2: Ground out 6-3 (Groundball, 6, EV 102.5 MPH)
|
Top of the 5th over - 1 run, 2 hits, 0 errors, 1 left on base; Cedar Rapids 3 - Beloit 6 |
BOTTOM OF THE 5TH |
Beloit Snappers batting - Pitching for Cedar Rapids Kernels : RHP Matthew Lange
|
Batting: LHB Tom Raupp
|
0-0: Foul Ball, location: 2F 0-1: Foul Ball, location: 2F 0-2: Ground out 6-3 (Groundball, 6, EV 96.2 MPH)
|
Batting: RHB Moses Brokken
|
0-0: Called Strike 0-1: Swinging Strike 0-2: Strikes out swinging
|
Batting: LHB Nick Pacheco
|
0-0: Foul Ball, location: 2F 0-1: Ground out 6-3 (Groundball, 6, EV 100.0 MPH)
|
Bottom of the 5th over - 0 runs, 0 hits, 0 errors, 0 left on base; Cedar Rapids 3 - Beloit 6 |
TOP OF THE 6TH |
Cedar Rapids Kernels batting - Pitching for Beloit Snappers : RHP Jan Cole
|
Batting: LHB Israel Montoya
|
0-0: Reached on error, E4 (Groundball, 4, EV 90.0 MPH)
|
Batting: RHB Mike Craver
|
0-0: Called Strike 0-1: Called Strike 0-2: SINGLE (Flyball, 4D, EV 86.9 MPH) Israel Montoya to second
|
Batting: LHB Mike Handrahan
|
0-0: Fielders Choice at 2nd, 1-4 (Groundball, 15S, EV 73.1 MPH) Israel Montoya to third
|
Batting: SHB Roberto Camarena
|
0-0: Ball 1-0: Foul Ball, location: 2F 1-1: Ball 2-1: Swinging Strike 2-2: Ball 3-2: Strikes out swinging
|
Pinch Hitting: SHB Shohei Fujii
|
0-0: Swinging Strike 0-1: Swinging Strike 0-2: Ground out 4-3 (Groundball, 34, EV 104.4 MPH)
|
Top of the 6th over - 0 runs, 1 hit, 1 error, 2 left on base; Cedar Rapids 3 - Beloit 6 |
BOTTOM OF THE 6TH |
Beloit Snappers batting - Pitching for Cedar Rapids Kernels : RHP Matthew Lange
|
Pitching: RHP Bruce Wight
|
|
Now at 2B: Brian Gustus
|
|
Batting: RHB Scott Wiggs
|
0-0: Ball 1-0: Ball 2-0: Called Strike 2-1: Ball 3-1: Base on Balls
|
Batting: SHB D.J. Codd
|
0-0: Called Strike 0-1: Ball 1-1: Ball 2-1: Swinging Strike 2-2: Strikes out swinging
|
Batting: RHB Kyle Waters
|
0-0: Ball 1-0: Foul Ball, location: 2F 1-1: Foul Ball, location: 2F 1-2: Fly out, F8 (Flyball, 8RD, EV 102.5 MPH)
|
Batting: RHB Jim Conrad
|
0-0: Called Strike 0-1: Ball 1-1: Called Strike 1-2: Strikes out swinging
|
Bottom of the 6th over - 0 runs, 0 hits, 0 errors, 1 left on base; Cedar Rapids 3 - Beloit 6 |
TOP OF THE 7TH |
Cedar Rapids Kernels batting - Pitching for Beloit Snappers : RHP Jan Cole
|
Batting: RHB Orlando Blanco
|
0-0: Ball 1-0: Called Strike 1-1: Fly out, F7 (Flyball, 7LM, EV 98.1 MPH)
|
Pitching: RHP Rich Reinbolt
|
|
Batting: SHB Duri Chilemba
|
0-0: Foul Ball, location: 2F 0-1: Foul Ball, location: 2F 0-2: Foul Ball, location: 2F 0-2: Ball 1-2: Ball 2-2: Strikes out swinging, 2-3 out at first.
|
Batting: LHB Jim Pankratz
|
0-0: Called Strike 0-1: Swinging Strike 0-2: DOUBLE (Flyball, 89D, EV 105.6 MPH)
|
Batting: RHB Matt Dunn
|
0-0: Foul Ball, location: 2F 0-1: Ball 1-1: Ball 2-1: Ground out 5-3 (Groundball, 56S, EV 71.2 MPH)
|
Top of the 7th over - 0 runs, 1 hit, 0 errors, 1 left on base; Cedar Rapids 3 - Beloit 6 |
BOTTOM OF THE 7TH |
Beloit Snappers batting - Pitching for Cedar Rapids Kernels : RHP Bruce Wight
|
Pitching: RHP Andy Symons
|
|
Batting: RHB Dan Boylan
|
0-0: Foul Ball, location: 2F 0-1: Swinging Strike 0-2: Strikes out looking
|
Batting: RHB Manny Moron
|
0-0: Ground out 4-3 (Groundball, 4, EV 85.6 MPH)
|
Batting: LHB Tom Raupp
|
0-0: Called Strike 0-1: Fly out, F8 (Flyball, 8LD, EV 92.5 MPH)
|
Bottom of the 7th over - 0 runs, 0 hits, 0 errors, 0 left on base; Cedar Rapids 3 - Beloit 6 |
TOP OF THE 8TH |
Cedar Rapids Kernels batting - Pitching for Beloit Snappers : RHP Rich Reinbolt
|
Now at 1B: Kyle Waters
|
|
Now at 3B: Diwan Abdul-Salam
|
|
Batting: LHB Israel Montoya
|
0-0: Ball 1-0: DOUBLE (Flyball, 8RXD, EV 110.0 MPH)
|
Batting: RHB Mike Craver
|
0-0: TRIPLE (Flyball, 89XD, EV 99.4 MPH) Israel Montoya scores
|
Batting: LHB Mike Handrahan
|
0-0: Ball Wild Pitch! Mike Craver scores 1-0: Called Strike 1-1: Ball 2-1: Ball 3-1: Foul Ball, location: 2F 3-2: Strikes out looking
|
Batting: SHB Roberto Camarena
|
0-0: Called Strike 0-1: Ball 1-1: Foul Ball, location: 2F 1-2: Ball 2-2: Strikes out swinging
|
Batting: RHB Brian Gustus
|
0-0: Ground out 4-3 (Groundball, 34, EV 86.2 MPH)
|
Top of the 8th over - 2 runs, 2 hits, 0 errors, 0 left on base; Cedar Rapids 5 - Beloit 6 |
BOTTOM OF THE 8TH |
Beloit Snappers batting - Pitching for Cedar Rapids Kernels : RHP Andy Symons
|
Pitching: LHP Mark Challinor
|
|
Batting: RHB Moses Brokken
|
0-0: Called Strike 0-1: Ball 1-1: Called Strike 1-2: Ground out 4-3 (Groundball, 4S, EV 92.5 MPH)
|
Batting: RHB Diwan Abdul-Salam
|
0-0: Ball 1-0: Called Strike 1-1: Swinging Strike 1-2: Strikes out looking
|
Batting: RHB Scott Wiggs
|
0-0: Ball 1-0: Called Strike 1-1: Ball 2-1: Called Strike 2-2: Strikes out looking
|
Bottom of the 8th over - 0 runs, 0 hits, 0 errors, 0 left on base; Cedar Rapids 5 - Beloit 6 |
TOP OF THE 9TH |
Cedar Rapids Kernels batting - Pitching for Beloit Snappers : RHP Rich Reinbolt
|
Pitching: RHP Andrew Douglas
|
|
Now in LF: Raita Inouye
|
|
Batting: RHB Orlando Blanco
|
0-0: Ball 1-0: Ball 2-0: Ground out 4-3 (Groundball, 4, EV 99.4 MPH)
|
Batting: SHB Duri Chilemba
|
0-0: Called Strike 0-1: Ball 1-1: Ground out 4-3 (Groundball, 4, EV 87.5 MPH)
|
Batting: LHB Jim Pankratz
|
0-0: Foul Ball, location: 2F 0-1: Ground out 6-3 (Groundball, 6M, EV 83.1 MPH)
|
Top of the 9th over - 0 runs, 0 hits, 0 errors, 0 left on base; Cedar Rapids 5 - Beloit 6 |
|